[Event "Titled Tuesday Blitz October 25 Late 2022"]
[White "Golubev, Mikhail"]
[Black "Rios Escobar, Adan"]
[WhiteFideId "14100983"]
[BlackFideId "3403645"]
[WhiteElo "2374"]
[BlackElo "2362"]
[Result "1-0"]
[Round "05"]
[TimeControl "180+1"]
[Date "2022.10.26"]
[WhiteClock "0:01:04"]
[BlackClock "0:00:34"]

1. e4 c5 2. Nf3 d6 3. d4 cxd4 4. Nxd4 Nf6 5. Nc3 a6 6. Bc4 e6 7. O-O b5 8. Bb3 Bb7 9. Re1 Qd7 10. f4 Nc6 11. f5 Nxd4 12. Qxd4 e5 13. Qd3 Be7 14. Bg5 Rc8 15. Bxf6 Bxf6 16. Bd5 Bd8 17. Bxb7 Qxb7 18. Nd5 Bb6+ 19. Kh1 f6 20. a4 Rc4 21. axb5 axb5 22. Nxb6 Qxb6 23. Ra8+ Ke7 24. Rxh8 Rd4 25. Qg3 g5 26. fxg6 Qa5 27. Rxh7+ Kf8 28. g7+ Kf7 29. g8=Q# 1-0


[Site "https://www.chess.com"]

[Event "Titled Tuesday Blitz October 25 Late 2022"]
[White "Goncalves, Davi Sulzbacher"]
[Black "Thomforde-Toates, Noah"]
[WhiteFideId "2154510"]
[BlackFideId "30951992"]
[WhiteElo "2182"]
[BlackElo "2664"]
[Result "1/2-1/2"]
[Round "05"]
[TimeControl "180+1"]
[Date "2022.10.26"]
[WhiteClock "0:00:06"]
[BlackClock "0:00:17"]

1. Nf3 Nf6 2. g3 g6 3. Bg2 Bg7 4. O-O O-O 5. d4 d6 6. c4 Nc6 7. Nc3 e5 8. Qc2 exd4 9. Nb5 Bf5 10. Qd1 Qd7 11. Nbxd4 Nxd4 12. Nxd4 Bh3 13. Bf4 Bxg2 14. Kxg2 Rfe8 15. Qd3 d5 16. c5 c6 17. Rac1 h5 18. h3 h4 19. g4 Nxg4 20. Nf3 Re4 21. e3 Ne5 22. Bxe5 Bxe5 23. Ng5 Rb4 24. b3 Qe7 25. f4 Bc7 26. a3 Re4 27. Nxe4 dxe4 28. Qc3 g5 29. f5 Be5 30. Qc4 Bc7 31. Qc3 f6 32. Rcd1 Re8 33. Rd2 Qe5 34. Qxe5 Bxe5 35. Rd7 Bb2 36. Rxb7 Bxa3 37. Rxa7 Bxc5 38. Rc7 Bxe3 39. Rxc6 Bf4 40. Rxf6 e3 41. Re6 Rb8 42. f6 Rxb3 43. Re7 Rb6 44. Rg7+ Kf8 45. Ra1 Rxf6 46. Rb7 Re6 47. Ra8+ Re8 48. Rxe8+ Kxe8 49. Kf3 Kd8 50. Ra7 Kc8 51. Rh7 Kd8 52. Rb7 Ke8 53. Ra7 Kf8 54. Rb7 Ke8 55. Ra7 Kd8 56. Rb7 Kc8 57. Rh7 Kb8 58. Rg7 1/2-1/2


[Site "https://www.chess.com"]

[Event "Titled Tuesday Blitz October 25 Late 2022"]
[White "Hambleton, Aman"]
[Black "Guz, Ari"]
[WhiteFideId "2606577"]
[BlackFideId "2825759"]
[WhiteElo "2538"]
[BlackElo "2205"]
[Result "1-0"]
[Round "05"]
[TimeControl "180+1"]
[Date "2022.10.26"]
[WhiteClock "0:00:03"]
[BlackClock "0:00:16"]

1. d4 d5 2. Bf4 e6 3. e3 Bd6 4. Nf3 Ne7 5. Bd3 O-O 6. O-O c5 7. c3 b6 8. Qe2 a5 9. Nbd2 Bxf4 10. exf4 Ba6 11. Ng5 Bxd3 12. Qxd3 Ng6 13. g3 Nc6 14. Ndf3 cxd4 15. Nxd4 Nxd4 16. Qxd4 Rc8 17. Rad1 Rc4 18. Qd3 Qf6 19. Rfe1 Rxf4 20. gxf4 Qxf4 21. Qg3 Qf5 22. Nf3 Rc8 23. Kh1 b5 24. Nh4 Nxh4 25. Qxh4 b4 26. Re3 h6 27. Qg3 Rc4 28. Rd4 bxc3 29. bxc3 Rc6 30. Kg2 g6 31. Qb8+ Kh7 32. Rf3 Qg5+ 33. Qg3 Qe7 34. h4 h5 35. Qe5 Rc7 36. Rf6 Rc4 37. Rxc4 dxc4 38. Rf4 Qb7+ 39. Qe4 Qd7 40. Qf3 f5 41. Rd4 Qf7 42. Qf4 Qf6 43. Rd7+ Kg8 44. Qb8+ Qf8 45. Rd8 1-0


[Site "https://www.chess.com"]

[Event "Titled Tuesday Blitz October 25 Late 2022"]
[White "Hansen, Eric"]
[Black "Castellanos Gomez, Alejandro"]
[WhiteFideId "2606771"]
[BlackFideId "22284141"]
[WhiteElo "2568"]
[BlackElo "2168"]
[Result "1-0"]
[Round "05"]
[TimeControl "180+1"]
[Date "2022.10.26"]
[WhiteClock "0:01:13"]
[BlackClock "0:01:14"]

1. d4 e6 2. Nf3 Nf6 3. c4 d5 4. Nc3 Be7 5. Qc2 O-O 6. g4 dxc4 7. e4 c5 8. g5 cxd4 9. gxf6 Bxf6 10. e5 Be7 11. Ne4 b5 12. Rg1 Bb7 13. Rg4 d3 14. Qd2 h5 15. Rxg7+ Kxg7 16. Qh6+ Kg8 17. Nf6+ Bxf6 18. exf6 Qxf6 19. Qxf6 1-0


[Site "https://www.chess.com"]

[Event "Titled Tuesday Blitz October 25 Late 2022"]
[White "Harish, Neeraj"]
[Black "Becerra, Juan David"]
[WhiteFideId "30958130"]
[BlackFideId "4404998"]
[WhiteElo "1815"]
[BlackElo "2278"]
[Result "1-0"]
[Round "05"]
[TimeControl "180+1"]
[Date "2022.10.26"]
[WhiteClock "0:00:03"]
[BlackClock "0:00:28"]

1. Nf3 d5 2. c4 c6 3. e3 Nf6 4. Nc3 Nbd7 5. b3 e5 6. d4 exd4 7. Nxd4 Bb4 8. Bd2 O-O 9. Be2 c5 10. Nf3 Qa5 11. Nxd5 Nxd5 12. cxd5 Nf6 13. O-O Nxd5 14. Bc4 Rd8 15. Bxb4 Nxb4 16. Qe2 Bg4 17. Bxf7+ Kh8 18. h3 Bxf3 19. Qxf3 Rf8 20. Qh5 Qb6 21. Bc4 Rad8 22. a4 Qf6 23. Qxc5 Nd3 24. Bxd3 Rxd3 25. Rac1 Rxb3 26. e4 b6 27. Qc7 Rb2 28. Qg3 Ra2 29. e5 Qe6 30. Rc7 Rf7 31. Rfc1 Rxc7 32. Rxc7 Ra1+ 33. Kh2 a5 34. Qxg7# 1-0


[Site "https://www.chess.com"]

[Event "Titled Tuesday Blitz October 25 Late 2022"]
[White "Haszon, David"]
[Black "Janaszak, Dawid"]
[WhiteFideId "733610"]
[BlackFideId "1119206"]
[WhiteElo "2211"]
[BlackElo "2226"]
[Result "0-1"]
[Round "05"]
[TimeControl "180+1"]
[Date "2022.10.26"]
[WhiteClock "0:00:02"]
[BlackClock "0:00:47"]

1. e4 g6 2. d4 Bg7 3. Nc3 a6 4. a4 d6 5. Bf4 Nc6 6. d5 Ne5 7. Qd2 c5 8. h4 h6 9. Nf3 Nxf3+ 10. gxf3 Nf6 11. e5 Nh5 12. exd6 exd6 13. Be3 Bd7 14. Ne4 Qb6 15. c3 f5 16. a5 Qc7 17. Ng3 Nf6 18. Bc4 Bb5 19. Bxb5+ axb5 20. Qe2 O-O 21. Qxb5 f4 22. Bxf4 Nxd5 23. Qc4 Qf7 24. Be3 b5 25. Qe2 Nxc3 26. Qd2 Nd5 27. O-O Kh7 28. Rad1 Nxe3 29. fxe3 Rfd8 30. f4 Qb3 31. h5 Qxb2 32. hxg6+ Kh8 33. Qd3 c4 34. Qe4 Qf6 35. Rd5 Re8 36. Qf3 Rxa5 37. Nh5 Qxg6+ 38. Kh1 Qe4 39. Qxe4 Rxe4 40. Rxd6 b4 41. Rd8+ Kh7 42. Ng3 Rxe3 43. Rd7 Rxg3 0-1


[Site "https://www.chess.com"]

[Event "Titled Tuesday Blitz October 25 Late 2022"]
[White "Holt, Conrad"]
[Black "Florescu, Codrut-Constantin"]
[WhiteFideId "2034387"]
[BlackFideId "1202200"]
[WhiteElo "2592"]
[BlackElo "2191"]
[Result "1-0"]
[Round "05"]
[TimeControl "180+1"]
[Date "2022.10.26"]
[WhiteClock "0:02:17"]
[BlackClock "0:02:18"]

1. d4 Nf6 2. c4 e6 3. Nc3 Bb4 4. Qc2 O-O 5. e4 d6 6. a3 Bxc3+ 7. bxc3 e5 8. Bd3 Nc6 9. Ne2 h6 10. O-O b6 11. f4 exd4 12. cxd4 Ba6 13. d5 Na5 14. Bb2 Nd7 15. Ng3 Nc5 16. Nh5 f6 17. e5 Nxd3 18. Qxd3 Qe8 19. Nxg7 Kxg7 20. exf6+ Rxf6 21. Rae1 Qf7 22. Re6 Bxc4 23. Bxf6+ Qxf6 24. Qg3+ Kf7 25. Rxf6+ Kxf6 26. Qh4+ Kg6 27. f5+ Kf7 28. Qh5+ 1-0


[Site "https://www.chess.com"]

[Event "Titled Tuesday Blitz October 25 Late 2022"]
[White "Ibadov, Dashgyn"]
[Black "Harvey, Marcus R"]
[WhiteFideId "24107514"]
[BlackFideId "400092"]
[WhiteElo "2208"]
[BlackElo "2457"]
[Result "0-1"]
[Round "05"]
[TimeControl "180+1"]
[Date "2022.10.26"]
[WhiteClock "0:00:05"]
[BlackClock "0:00:04"]

1. e4 e5 2. Nf3 Nf6 3. Nxe5 d6 4. Nf3 Nxe4 5. Nc3 Nxc3 6. dxc3 Be7 7. Be3 Nd7 8. Qd2 Nf6 9. O-O-O Bg4 10. Bd3 Qd7 11. Kb1 a6 12. Qe2 Qc6 13. Bd4 Kd7 14. Bxf6 Bxf6 15. Ne5+ Bxe5 16. Qxg4+ Kd8 17. Rhe1 Bf6 18. Be4 Qb6 19. Qf3 Kc8 20. Bd5 Kb8 21. Bxf7 Ka7 22. Re4 a5 23. Ra4 Rhf8 24. Bb3 c6 25. Qh5 d5 26. c4 g6 27. Qxh7 Qxf2 28. Rxa5+ Kb6 29. Rxa8 Rxa8 30. cxd5 Qxg2 31. dxc6 bxc6 32. Qf7 Rd8 33. Rc1 Bg5 34. Rf1 Be3 35. a3 Qxh2 36. Qe7 Qe2 37. Bc4 Rd1+ 38. Rxd1 Qxd1+ 39. Ka2 Qd4 40. Qb4+ Kc7 41. Qe7+ Kb6 42. Bd3 g5 0-1


[Site "https://www.chess.com"]

[Event "Titled Tuesday Blitz October 25 Late 2022"]
[White "Ibarra Jerez, Jose Carlos"]
[Black "Dilmukhametov, Artur"]
[WhiteFideId "2226332"]
[BlackFideId "24179922"]
[WhiteElo "2627"]
[BlackElo "2197"]
[Result "1-0"]
[Round "05"]
[TimeControl "180+1"]
[Date "2022.10.26"]
[WhiteClock "0:01:37"]
[BlackClock "0:00:05"]

1. e4 e6 2. d4 d5 3. Nd2 Nf6 4. e5 Nfd7 5. f4 c5 6. c3 Nc6 7. Ndf3 f5 8. Bd3 Be7 9. Ne2 h5 10. O-O g6 11. Be3 cxd4 12. cxd4 Nb6 13. Bf2 Bd7 14. Nc3 Rc8 15. Nb5 Nb4 16. Nd6+ Bxd6 17. exd6 Nxd3 18. Bh4 Nxb2 19. Qe2 N2c4 20. Bxd8 Kxd8 21. Ne5 Be8 22. Rfe1 Nxd6 23. Nxg6 Bxg6 24. Qxe6 Rc6 25. Qf6+ Kc7 26. Qxh8 Ne4 27. Rac1 Nc4 28. Rxc4 dxc4 29. d5 Rd6 30. Qg7+ 1-0


[Site "https://www.chess.com"]

[Event "Titled Tuesday Blitz October 25 Late 2022"]
[White "Javakhadze, Zurab"]
[Black "Radovic, Luka"]
[WhiteFideId "13603647"]
[BlackFideId "911569"]
[WhiteElo "2381"]
[BlackElo "2257"]
[Result "1/2-1/2"]
[Round "05"]
[TimeControl "180+1"]
[Date "2022.10.26"]
[WhiteClock "0:00:16"]
[BlackClock "0:00:15"]

1. d4 d5 2. c4 e6 3. Nf3 Nf6 4. Qc2 Be7 5. g3 O-O 6. Bg2 dxc4 7. O-O a6 8. a4 Bd7 9. Qxc4 Bc6 10. Nc3 b5 11. Qd3 b4 12. Nb1 Be4 13. Qd1 c5 14. Nbd2 Bb7 15. dxc5 Nbd7 16. Nc4 Nxc5 17. Qxd8 Rfxd8 18. Na5 Bd5 19. Ne5 Rac8 20. Nec6 Rd7 21. Nxb4 Bxg2 22. Kxg2 Nb3 23. Nxb3 Bxb4 24. Bg5 Rc2 25. Rac1 Rxb2 26. Rc8+ Bf8 27. Nc5 Rd5 28. Be3 Ng4 29. Nxa6 Rxe2 30. Kf3 Nxe3 31. fxe3 Rxh2 32. Rb1 Rdd2 33. Rbb8 Rhf2+ 34. Ke4 g6 35. Rxf8+ Kg7 36. Nc7 Rc2 37. Rg8+ Kh6 38. Ne8 Rc5 39. Nd6 Rd5 40. g4 f5+ 41. gxf5 gxf5+ 42. Nxf5+ Rfxf5 43. Rb1 Rfe5+ 44. Kf4 Rf5+ 45. Ke4 Rfe5+ 46. Kf4 Rf5+ 47. Ke4 1/2-1/2


[Site "https://www.chess.com"]

[Event "Titled Tuesday Blitz October 25 Late 2022"]
[White "Jimenez Fernandez, Rebeca"]
[Black "Prydun, Andriy"]
[WhiteFideId "32070934"]
[BlackFideId "14145898"]
[WhiteElo "1946"]
[BlackElo "2163"]
[Result "0-1"]
[Round "05"]
[TimeControl "180+1"]
[Date "2022.10.26"]
[WhiteClock "0:00:06"]
[BlackClock "0:00:18"]

1. e4 c6 2. d4 d5 3. Nc3 dxe4 4. Nxe4 Nd7 5. Ng5 Ngf6 6. Bd3 e6 7. N1f3 Bd6 8. O-O O-O 9. Qe2 Qc7 10. Re1 b6 11. Ne5 h6 12. Nexf7 Rxf7 13. Nxf7 Kxf7 14. Qxe6+ Kf8 15. Bg6 Ne5 16. Qb3 Nxg6 17. c4 c5 18. Qf3 Bb7 19. d5 Qf7 20. Re6 Rd8 21. Bxh6 Ne5 22. Qf5 Neg4 23. Bg5 Bc8 24. h3 Ne5 25. Rxd6 Bxf5 26. Rxd8+ Ke7 27. Ra8 Qg6 28. Rxa7+ Kf8 29. f4 Ned7 30. Re1 Ne4 31. Ra8+ Kf7 32. Ra7 Nxg5 33. fxg5 Qxg5 34. Rf1 Kg6 35. g4 Ne5 36. Rxf5 Qc1+ 37. Kf2 Qxb2+ 38. Ke3 Qd4+ 39. Ke2 Nxc4 40. Rb7 Qe3+ 41. Kf1 Qc1+ 42. Kf2 Qb2+ 43. Kg3 Ne3 44. Rd7 Nxf5+ 45. gxf5+ Kxf5 46. Rd6 g5 47. Rxb6 Qxb6 0-1


[Site "https://www.chess.com"]

[Event "Titled Tuesday Blitz October 25 Late 2022"]
[White "Joubert, Dantelle"]
[Black "Bernat, David"]
[WhiteFideId "14310813"]
[BlackFideId "2099225"]
[WhiteElo "1507"]
[BlackElo "2312"]
[Result "0-1"]
[Round "05"]
[TimeControl "180+1"]
[Date "2022.10.26"]
[WhiteClock "0:00:59"]
[BlackClock "0:02:20"]

1. d4 Nf6 2. c4 e6 3. Nf3 a6 4. Nc3 d5 5. c5 b6 6. cxb6 cxb6 7. Bf4 Bd6 8. Bg3 O-O 9. e3 Bb7 10. Bd3 Ne4 11. Bxe4 dxe4 12. Nd2 b5 13. Bxd6 Qxd6 14. Ndxe4 Qb4 15. Qd2 f5 16. Ng5 Qe7 17. f4 Nd7 18. O-O Nf6 19. Qc2 Rac8 20. Qb3 Rfe8 21. a3 h6 22. Nf3 Nd5 23. Nxd5 Bxd5 24. Qd1 Rc7 25. Rc1 Rec8 26. Rxc7 Qxc7 27. Ne5 Qc2 28. Qh5 Qxg2# 0-1


[Site "https://www.chess.com"]

[Event "Titled Tuesday Blitz October 25 Late 2022"]
[White "Kamsky, Gata"]
[Black "Deac, Bogdan-Daniel"]
[WhiteFideId "2000024"]
[BlackFideId "1226380"]
[WhiteElo "2666"]
[BlackElo "2648"]
[Result "0-1"]
[Round "05"]
[TimeControl "180+1"]
[Date "2022.10.26"]
[WhiteClock "0:00:04"]
[BlackClock "0:00:03"]

1. e4 c6 2. Nf3 d5 3. Nc3 Bg4 4. d4 e6 5. h3 Bxf3 6. Qxf3 dxe4 7. Qxe4 Nf6 8. Qh4 Be7 9. Bd3 Nbd7 10. O-O Nf8 11. Ne2 Nd5 12. Qg3 Ng6 13. c3 Bd6 14. Qf3 Qh4 15. Qe4 Qe7 16. c4 Nf6 17. Qf3 O-O 18. Bg5 Rad8 19. Rad1 h6 20. Bxf6 Qxf6 21. Qxf6 gxf6 22. Bxg6 fxg6 23. Rd3 Rd7 24. Rfd1 Rfd8 25. Kf1 Kf7 26. b3 h5 27. Nc3 Be5 28. Ne2 c5 29. d5 exd5 30. cxd5 h4 31. Ng1 g5 32. Nf3 Bd6 33. Re3 Bf4 34. Red3 b5 35. Ke2 Re8+ 36. Kf1 Red8 37. Ke2 a6 38. a4 Re8+ 39. Kf1 Red8 40. Ke2 Kg6 41. Ne1 Kf5 42. Nc2 Be5 43. Na3 bxa4 44. bxa4 Rb8 45. Nc4 Rb4 46. Ne3+ Kg6 47. Rc1 Bd4 48. Kf3 Rxa4 0-1


[Site "https://www.chess.com"]

[Event "Titled Tuesday Blitz October 25 Late 2022"]
[White "Kirillov, Dmitry"]
[Black "Sailer, Mike"]
[WhiteFideId "34180572"]
[BlackFideId "2012901"]
[WhiteElo "2095"]
[BlackElo "2109"]
[Result "1-0"]
[Round "05"]
[TimeControl "180+1"]
[Date "2022.10.26"]
[WhiteClock "0:00:59"]
[BlackClock "0:00:07"]

1. e4 d5 2. exd5 Qxd5 3. Nc3 Qd6 4. d4 Nf6 5. Nf3 c6 6. Ne5 Nbd7 7. Nc4 Qc7 8. a4 a5 9. g3 Nb6 10. Ne5 Bf5 11. Bg2 e6 12. g4 Bg6 13. h4 Bb4 14. Bf4 Qd8 15. h5 Be4 16. f3 Bd5 17. Kf2 Bxc3 18. bxc3 Bc4 19. Rb1 Ba6 20. h6 g6 21. Bg5 Nxg4+ 22. Nxg4 Qxg5 23. Rxb6 O-O-O 24. Qc1 Qe7 25. Qf4 Rd5 26. Rhb1 Rf5 27. Qg3 Kd7 28. Rxb7+ Bxb7 29. Rxb7+ Ke8 30. Rxe7+ Kxe7 31. Qc7+ 1-0


[Site "https://www.chess.com"]

[Event "Titled Tuesday Blitz October 25 Late 2022"]
[White "Kollars, Dmitrij"]
[Black "Naroditsky, Daniel"]
[WhiteFideId "12909572"]
[BlackFideId "2026961"]
[WhiteElo "2584"]
[BlackElo "2628"]
[Result "1/2-1/2"]
[Round "05"]
[TimeControl "180+1"]
[Date "2022.10.26"]
[WhiteClock "0:00:11"]
[BlackClock "0:00:05"]

1. Nf3 Nf6 2. c4 g6 3. g3 Bg7 4. Bg2 O-O 5. O-O d6 6. Nc3 e5 7. d4 Nbd7 8. Qc2 exd4 9. Nxd4 Nb6 10. b3 c5 11. Nf3 Bf5 12. Qd2 d5 13. Nh4 Be6 14. cxd5 Nfxd5 15. Nxd5 Bxa1 16. Nxb6 axb6 17. Qc2 Qc7 18. Nf3 Bg7 19. Bf4 Qe7 20. Ng5 Bf5 21. e4 Bd7 22. Rd1 Bc6 23. f3 Rad8 24. Re1 h6 25. Nh3 b5 26. Nf2 c4 27. bxc4 Qc5 28. Bf1 g5 29. Bc1 bxc4 30. Qxc4 Bd4 31. Qxc5 Bxc5 32. Kg2 f5 33. Bc4+ Kh7 34. exf5 Bxf2 35. Kxf2 Rxf5 36. Re3 Rc5 37. Rc3 b6 38. Be3 Rf5 39. Bd3 Rxd3 40. Rxd3 Rxf3+ 41. Ke2 Bb5 42. Kxf3 Bxd3 43. Bxb6 Kg6 44. Ke3 Ba6 45. Bc5 Kf5 46. Kd4 Ke6 47. Bf8 h5 48. Kc5 Kd7 49. Kb6 Bc4 50. a4 Bd5 51. a5 g4 52. Bh6 Be4 53. Bf4 Bf3 54. Be5 Bg2 55. a6 Bf3 56. Bd4 Bg2 57. Be3 Bf3 58. Bd2 Bg2 59. Bf4 Bf3 60. Ka7 Kc8 61. Be5 Bg2 62. Kb6 Kd7 63. Kc5 Kc8 64. Bf4 Kd7 65. Be3 Bf3 66. Kd4 Kc7 67. Ke5 Kb8 68. Kf6 Bg2 69. Kg6 Ka8 70. Kxh5 Bh3 71. Kg5 Kb8 72. Kf6 Ka8 73. Ke5 Bf1 74. a7 Bh3 75. Kd4 Kb7 76. Kc4 Ka8 77. Kb5 Kb7 78. Ka5 Bg2 79. Bg1 Bh3 80. Ka4 Bg2 81. h4 gxh3 82. g4 h2 83. Bxh2 Kxa7 84. g5 Be4 85. g6 Bxg6 1/2-1/2


[Site "https://www.chess.com"]

[Event "Titled Tuesday Blitz October 25 Late 2022"]
[White "Kravtsiv, Martyn"]
[Black "Lewicki, Miroslaw"]
[WhiteFideId "14113147"]
[BlackFideId "1113380"]
[WhiteElo "2694"]
[BlackElo "2236"]
[Result "1-0"]
[Round "05"]
[TimeControl "180+1"]
[Date "2022.10.26"]
[WhiteClock "0:01:52"]
[BlackClock "0:00:06"]

1. e4 b6 2. d4 Bb7 3. Bd3 g6 4. Nf3 Bg7 5. c4 d6 6. Nc3 Nf6 7. Qe2 O-O 8. O-O c5 9. d5 Nbd7 10. a4 Ng4 11. Bc2 e6 12. dxe6 Nde5 13. Ng5 fxe6 14. h3 Nxf2 15. Rxf2 Rxf2 16. Qxf2 Qe7 17. Qe2 Rf8 18. Be3 Bh6 19. h4 d5 20. cxd5 exd5 21. Nxd5 Bxd5 22. exd5 Nc4 23. Re1 Nxb2 24. Bb3 c4 25. Bxc4 Qb4 26. Ba2 Re8 27. d6+ Kf8 28. d7 Rd8 29. Qf2+ 1-0


[Site "https://www.chess.com"]

[Event "Titled Tuesday Blitz October 25 Late 2022"]
[White "Lawson, Eric"]
[Black "Brown, Andrew"]
[WhiteFideId "2604116"]
[BlackFideId "3206513"]
[WhiteElo "2543"]
[BlackElo "2245"]
[Result "1-0"]
[Round "05"]
[TimeControl "180+1"]
[Date "2022.10.26"]
[WhiteClock "0:02:58"]
[BlackClock "0:02:46"]

1. e4 g6 2. d4 Bg7 3. Nc3 c6 4. f4 d5 5. e5 h5 6. Be2 Nh6 7. Nf3 Bg4 8. Be3 Nf5 9. Bf2 Qb6 10. Na4 Qa5+ 11. c3 Nd7 12. b4 Qb6 13. e6 fxe6 14. Nxb6 1-0


[Site "https://www.chess.com"]

[Event "Titled Tuesday Blitz October 25 Late 2022"]
[White "Leschinsky, Gary"]
[Black "Itkis, Boris"]
[WhiteFideId "30951321"]
[BlackFideId "1209167"]
[WhiteElo "1855"]
[BlackElo "2232"]
[Result "1-0"]
[Round "05"]
[TimeControl "180+1"]
[Date "2022.10.26"]
[WhiteClock "0:00:23"]
[BlackClock "0:00:10"]

1. c4 c5 2. Nf3 Nc6 3. d4 cxd4 4. Nxd4 g6 5. Nc3 Bg7 6. Nc2 Bxc3+ 7. bxc3 Qa5 8. Bd2 Nf6 9. f3 O-O 10. e4 d6 11. Ne3 e6 12. Be2 Rd8 13. O-O Bd7 14. Kh1 Rac8 15. Be1 Be8 16. Qd2 Nh5 17. Bh4 g5 18. Be1 h6 19. Ng4 f5 20. Nxh6+ Kh7 21. Qxg5 fxe4 22. Qe3 Ne5 23. fxe4 Bg6 24. Bh4 Rf8 25. Rxf8 Rxf8 26. Ng4 Nxg4 27. Bxg4 b6 28. Bxe6 Qe5 29. Bd5 Rf4 30. Bg3 Nxg3+ 31. Qxg3 Bxe4 32. Re1 Bxd5 33. cxd5 Qf6 34. h3 Rf1+ 35. Rxf1 Qxf1+ 36. Kh2 Qf6 37. c4 Kh6 38. Qe3+ Kh7 39. Qe4+ Kh6 40. Qe6 Kg5 41. Qxf6+ Kxf6 42. g4 Ke5 43. g5 Kd4 44. g6 Kxc4 45. g7 Kxd5 46. g8=Q+ 1-0


[Site "https://www.chess.com"]

[Event "Titled Tuesday Blitz October 25 Late 2022"]
[White "Lindholt, Malik"]
[Black "Roberts, Paul"]
[WhiteFideId "1404490"]
[BlackFideId "2400600"]
[WhiteElo "1993"]
[BlackElo "2112"]
[Result "1-0"]
[Round "05"]
[TimeControl "180+1"]
[Date "2022.10.26"]
[WhiteClock "0:02:04"]
[BlackClock "0:02:19"]

1. e4 c5 2. Nf3 e6 3. d4 cxd4 4. Nxd4 Nf6 5. Nc3 Nc6 6. Ndb5 Bb4 7. Nd6+ Ke7 8. Nxc8+ Rxc8 9. Bd3 Re8 10. Bd2 Kf8 11. a3 Be7 12. O-O d6 13. Kh1 a6 14. f4 Qc7 15. Qf3 b5 16. Rae1 Kg8 17. Qg3 Bf8 18. e5 dxe5 19. fxe5 Qxe5 20. Rxe5 1-0


[Site "https://www.chess.com"]

[Event "Titled Tuesday Blitz October 25 Late 2022"]
[White "Lorenzo De La Riva, Lazaro"]
[Black "Barash, Anton"]
[WhiteFideId "2268809"]
[BlackFideId "30935229"]
[WhiteElo "2325"]
[BlackElo "2277"]
[Result "1-0"]
[Round "05"]
[TimeControl "180+1"]
[Date "2022.10.26"]
[WhiteClock "0:00:17"]
[BlackClock "0:00:01"]

1. d4 Nf6 2. c4 g6 3. Nf3 Bg7 4. Nc3 O-O 5. e4 d6 6. Be2 Nbd7 7. O-O e5 8. Re1 Qe7 9. Bf1 Re8 10. Rb1 Kh8 11. d5 Ng8 12. b4 f5 13. Nd2 Ndf6 14. f3 f4 15. c5 dxc5 16. Ba3 cxb4 17. Bxb4 Qf7 18. Qc2 a6 19. Na4 g5 20. h3 Nh5 21. Rbc1 Ng3 22. Qxc7 Qh5 23. Nb6 g4 24. fxg4 Bxg4 25. Nxa8 Rxa8 26. Rc3 Nf6 27. d6 Rc8 28. Qxc8+ Bxc8 29. Rxc8+ Ng8 30. Bc4 h6 31. Bxg8 Qh4 32. Nf3 Qf6 33. Bd5+ 1-0


[Site "https://www.chess.com"]

[Event "Titled Tuesday Blitz October 25 Late 2022"]
[White "Luxama, Jacques Muller"]
[Black "Huber, Benedikt"]
[WhiteFideId "11900113"]
[BlackFideId "12923583"]
[WhiteElo "1931"]
[BlackElo "2199"]
[Result "1-0"]
[Round "05"]
[TimeControl "180+1"]
[Date "2022.10.26"]
[WhiteClock "0:00:01"]
[BlackClock "0:00:47"]

1. d4 e6 2. c4 f5 3. Nc3 Nf6 4. Bg5 Bb4 5. Qb3 a5 6. a3 Bxc3+ 7. Qxc3 h6 8. Bxf6 Qxf6 9. Nf3 O-O 10. e3 d6 11. Be2 b6 12. O-O Bb7 13. b4 Nd7 14. Rac1 axb4 15. axb4 Qg6 16. d5 exd5 17. cxd5 Bxd5 18. Qxc7 Ne5 19. Kh1 f4 20. Rcd1 Bxf3 21. Bxf3 Nxf3 22. gxf3 fxe3 23. fxe3 Kh8 24. Qxd6 Qc2 25. Qd3 Qb2 26. Rb1 Qe5 27. Rf2 Rfd8 28. Qb3 Rac8 29. Rc2 Ra8 30. e4 Rf8 31. Rf1 Rae8 32. Rcf2 Qf4 33. Qd5 Rd8 34. Qc6 Qe3 35. Qg6 Rf6 36. Qg3 Rdf8 37. Rg2 Qd3 38. Qxg7# 1-0


[Site "https://www.chess.com"]

[Event "Titled Tuesday Blitz October 25 Late 2022"]
[White "Makaraci, Tunahan"]
[Black "Ansh M Shah"]
[WhiteFideId "6356559"]
[BlackFideId "25033379"]
[WhiteElo "2175"]
[BlackElo "2084"]
[Result "0-1"]
[Round "05"]
[TimeControl "180+1"]
[Date "2022.10.26"]
[WhiteClock "0:00:45"]
[BlackClock "0:00:06"]

1. e4 c6 2. d4 d5 3. exd5 cxd5 4. c4 e6 5. Nc3 Nc6 6. Nf3 Nf6 7. Bg5 Be7 8. c5 O-O 9. Bb5 Bd7 10. O-O a5 11. Re1 b6 12. Bxc6 Bxc6 13. Ne5 Rc8 14. Nxc6 Rxc6 15. Qa4 Qa8 16. cxb6 Rxb6 17. Qc2 Rc8 18. Re3 h6 19. Bh4 Qb8 20. Rb1 a4 21. a3 Rb3 22. Bg3 Qb7 23. h3 Ne4 24. Rc1 Rxb2 25. Qxa4 Bg5 26. f4 Nxg3 27. fxg5 Nf5 28. Rf3 hxg5 29. Rcf1 Qb6 30. Rxf5 exf5 31. Nxd5 Qd8 32. Rxf5 Rd2 33. Re5 f6 34. Ne7+ Kh7 35. Re4 Rc1+ 36. Kh2 Qd6+ 37. Re5 fxe5 38. Nf5 Qf6 39. Qd7 Rxd4 40. Qe8 Qxf5 41. Qh5+ Kg8 42. Qe8+ Qf8 43. Qe6+ Kh8 0-1


[Site "https://www.chess.com"]

[Event "Titled Tuesday Blitz October 25 Late 2022"]
[White "Makarian, Rudik"]
[Black "Ballester Llagaria, Luis Eduardo"]
[WhiteFideId "44105681"]
[BlackFideId "2297620"]
[WhiteElo "2405"]
[BlackElo "2344"]
[Result "1-0"]
[Round "05"]
[TimeControl "180+1"]
[Date "2022.10.26"]
[WhiteClock "0:01:12"]
[BlackClock "0:00:27"]

1. Nf3 d5 2. g3 Bg4 3. Bg2 c6 4. b3 Nd7 5. Bb2 Ngf6 6. O-O e6 7. h3 Bh5 8. d3 h6 9. Nbd2 a5 10. a4 Bc5 11. e4 dxe4 12. dxe4 e5 13. g4 Bg6 14. Nxe5 Nxe5 15. Bxe5 Qe7 16. Bxf6 Qxf6 17. e5 Qe7 18. Qe2 h5 19. Ne4 hxg4 20. Qxg4 Rh4 21. Nf6+ gxf6 22. Qxh4 fxe5 23. Qh8+ Qf8 24. Qxe5+ Qe7 25. Rfe1 Bxc2 1-0


[Site "https://www.chess.com"]

[Event "Titled Tuesday Blitz October 25 Late 2022"]
[White "Maksimovic, Bojan"]
[Black "Jobava, Baadur"]
[WhiteFideId "14408120"]
[BlackFideId "13601520"]
[WhiteElo "2447"]
[BlackElo "2582"]
[Result "0-1"]
[Round "05"]
[TimeControl "180+1"]
[Date "2022.10.26"]
[WhiteClock "0:00:01"]
[BlackClock "0:00:23"]

1. e4 e5 2. Nf3 Nf6 3. Nxe5 d6 4. Nf3 Nxe4 5. d4 d5 6. Bd3 Bd6 7. O-O O-O 8. c4 c6 9. Nc3 Nxc3 10. bxc3 h6 11. Re1 Nd7 12. c5 Bc7 13. c4 Nf6 14. Qb3 Rb8 15. Ne5 Be6 16. Bb2 Re8 17. cxd5 Nxd5 18. Qd1 Qf6 19. Rb1 Rbd8 20. Ba1 Bc8 21. Qc2 Ba5 22. Red1 Bc7 23. a3 Re7 24. Re1 Rde8 25. Bc4 Ba5 26. Rf1 Bf5 27. Qa4 Bxb1 28. Rxb1 Nf4 29. Qxa5 Rxe5 30. dxe5 Qg6 31. Bxf7+ Kxf7 32. Rxb7+ Kg8 33. g3 Rf8 34. Qd2 Nh3+ 35. Kg2 Rxf2+ 36. Qxf2 Nxf2 37. Kxf2 Qc2+ 38. Kf3 Qd1+ 39. Ke4 Qxa1 40. Rxa7 Qe1+ 41. Kf5 Qh1 0-1


[Site "https://www.chess.com"]